 Dungeon Crawl Stone Soup version 0.26.1-11-gd32895ea62 (webtiles) character file.

Game seed: 2230111412769472379

1340 Borgoz the Skirmisher (level 8, 0/52 HPs)
             Began as a Gargoyle Berserker on July 6, 2021.
             Was a Believer of Trog.
             Killed from afar by a white imp (6 damage)
             ... with a puff of frost
             ... on level 7 of the Dungeon.
             The game lasted 00:04:52 (7055 turns).

Borgoz the Skirmisher (Gargoyle Berserker)          Turns: 7055, Time: 00:04:53

Health: 0/52       AC: 13    Str: 21    XL:     8   Next: 62%
Magic:  8/8        EV: 12    Int:  8    God:    Trog [**....]
Gold:   510        SH:  0    Dex: 11    Spells: 7/7 levels left

rFire    . . .     SeeInvis .   q - +0 morningstar
rCold    . . .     Faith    .   (no shield)
rNeg     + . .     Spirit   .   l - +0 ring mail
rPois    ∞         Reflect  .   (no helmet)
rElec    +         Harm     .   j - +0 cloak (curse)
rCorr    .         Rampage  .   (no gloves)
Will     ++...                  (no boots)
Stlth    +.........             (no amulet)
HPRegen  1.17/turn              (no ring)
MPRegen  0.11/turn              (no ring)

@: regenerating
A: negative energy resistance 1, electricity resistance, unbreathing,
petrification resistance, miasma immunity, AC +5
a: Renounce Religion, Berserk, Trog's Hand


You were on level 7 of the Dungeon.
You worshipped Trog.
Trog was pleased with you.
You visited 2 branches of the dungeon, and saw 8 of its levels.

You collected 510 gold pieces.

Inventory:

Hand Weapons
 q - a +0 morningstar (weapon)
Armour
 j - a cursed +0 cloak (worn)
 l - a +0 ring mail (worn)
Wands
 o - a wand of iceblast (11)
 u - a wand of flame (15)
Scrolls
 a - a scroll of magic mapping {unknown}
 d - 5 scrolls of remove curse
 i - 4 scrolls of teleportation
 k - 3 scrolls of amnesia {unknown}
 m - 2 scrolls of enchant weapon {unknown}
 t - a scroll of noise {unknown}
 v - 2 scrolls of vulnerability {unknown}
 w - a scroll of fear {unknown}
 x - a scroll of enchant armour
Potions
 e - 2 potions of mutation {unknown}
 f - 4 potions of haste
 g - 4 potions of curing {unknown}
 h - 5 potions of lignification {unknown}
 n - 2 potions of might
 p - a potion of ambrosia
 r - a potion of invisibility
 s - a potion of flight


   Skills:
 * Level 6.8 Fighting
 * Level 6.2 Maces & Flails
 * Level 6.3 Armour
 + Level 3.5 Dodging


You had 7 spell levels left.
You didn't know any spells.
Your spell library was empty.

Dungeon Overview and Level Annotations

Branches:
Dungeon (7/15)             Temple (1/1) D:4

Altars:
Ashenzari
Cheibriados
Dithmenos
Elyvilon
Fedhas
Gozag
Hepliaklqana
Kikubaaqudgha
Makhleb
Nemelex Xobeh
Okawaru
Qazlal
Ru
Sif Muna
Trog
Uskayaw
Vehumet
Wu Jian
Xom
Yredelemnul
Zin
The Shining One

Shops:
D:6 (


Innate Abilities, Weirdness & Mutations

You are resistant to torment.
Your stone body is resilient. (AC +5)
You are immune to poison.
You resist negative energy. (rN+)
You are resistant to electric shocks. (rElec)
You can survive without breathing.
You are immune to petrification.
You are immune to miasma.


Message History

A worker ant comes into view.
You are too confused!
You bump into the rock wall.
You feel less confused. The worker ant misses you.
A white imp comes into view.
The worker ant bites you.
* * * LOW HITPOINT WARNING * * *
The orc hits you but does no damage.
The white imp moves out of view.
Found a runed chain mail.
You see here a hand axe.
Your skin crawls.
You feel strong-willed.
The worker ant bites you but does no damage.
The orc hits you.
* * * LOW HITPOINT WARNING * * *
The white imp laughs crazily.
The white imp gestures at you. The puff of frost hits you.
You die...

##.[......####
#.####.$..######
#.........#
...###...# ##
......#.### ...
#.#.....### ##....
#>.....^...####......
####.#..##.......##
#........###.@..##
.##.....##.B##.#.# .
##.....o.......#[
##...#..####.#5#.
#..>{##.#... ##..
#.#.......# ####
.........#.### ...
......#.#.... #
..#.###$..###.#


You could see a worker ant, a white imp and an orc.

Vanquished Creatures
  A water moccasin (D:6)
  2 orc warriors
  2 sky beasts
  A black bear (D:6)
  A bullfrog (D:6)
  2 scorpions
  A centaur zombie (D:6)
  3 hounds
  A bullfrog skeleton (D:7)
  2 orc priests
  3 orc wizards
  A centaur skeleton (D:7)
  An iguana (D:4)
  Natasha (thrice) (D:2)
  3 worker ants
  4 adders
  2 oozes (D:1)
  An adder zombie (D:7)
  2 worms
  3 dart slugs (D:1)
  3 leopard geckos
  15 orcs
  A ball python (D:4)
  5 bats
  4 giant cockroaches
  A goblin (D:1)
  2 hobgoblins (D:1)
  5 jackals (D:5)
  3 quokkas (D:5)
  3 frilled lizards
  A jackal skeleton (D:4)
  5 kobolds
  A leopard gecko skeleton (D:4)
  4 rats
92 creatures vanquished.

Notes
Turn   | Place    | Note
-------+----------+-------------------------------------------
     0 | D:1      | Borgoz the Gargoyle Berserker began the quest for the Orb.
     0 | D:1      | Reached XP level 1. HP: 14/14 MP: 1/1
    12 | D:1      | You fall into a shaft and drop 1 floor!
    41 | D:2      | Noticed Natasha
    54 | D:2      | Killed Natasha
    55 | D:2      | Reached XP level 2. HP: 16/20 MP: 2/2
    55 | D:2      | Reached XP level 3. HP: 20/24 MP: 3/3
   326 | D:2      | Found a bloodstained altar of Trog.
   930 | D:1      | Reached XP level 4. HP: 25/29 MP: 4/4
  1743 | D:2      | Found a glowing golden altar of the Shining One.
  1792 | D:2      | Noticed Natasha
  1802 | D:2      | Killed Natasha
  1998 | D:2      | Noticed Natasha
  2008 | D:2      | Killed Natasha
  2009 | D:2      | Reached XP level 5. HP: 26/33 MP: 5/5
  2989 | D:4      | Found a staircase to the Ecumenical Temple.
  3155 | D:4      | Reached ** piety under Trog
  3163 | D:4      | Reached XP level 6. HP: 36/39 MP: 6/6
  3636 | D:4      | Reached skill level 5 in Fighting
  3965 | Temple   | Entered the Ecumenical Temple
  4091 | D:5      | Entered Level 5 of the Dungeon
  4091 | D:5      | Noticed an orc warrior
  4524 | D:5      | Killed an orc warrior
  4525 | D:5      | Reached XP level 7. HP: 44/44 MP: 7/7
  4823 | D:5      | Reached skill level 5 in Maces & Flails
  5206 | D:6      | Reached skill level 5 in Armour
  5835 | D:6      | Found Viub's Weapon Shoppe.
  5947 | D:6      | Reached XP level 8. HP: 43/51 MP: 8/8
  7055 | D:7      | Killed from afar by a white imp

Illustrated notes

Levels and vault maps discovered:
D:1:      dpeg_arrival_refuge, layout_basic
D:2:      layout_loops_corners, marbit_many_paths, trog_book, uniq_natasha
D:3:      layout_loops_corners, kennysheep_generic_room_13
D:4:      layout_loops_ring, lemuel_temple_firewalk_b
D:5:      layout_basic, minmay_misc_feat_iff
D:6:      minmay_inner_zag, layout_basic, serial_shops,
          nicolae_shop_window_shopping
D:7:      layout_rooms, serial_shops, nicolae_shop_stone, minmay_checkerbox,
          uniq_prince_ribbit1
Temple:   dpeg_three_leaves_temple

Skill      XL: |  1  2  3  4  5  6  7  8 |
---------------+-------------------------+-----
Dodging        | 2 3 |  3.5
Armour         | 3 4 5 6 |  6.3
Fighting       | 4 5 6 |  6.8
Maces & Flails | 4 5 6 |  6.2

Action                   |  1- 3 |  4- 6 |  7- 9 || total
-------------------------+-------+-------+-------++-------
Melee: Mace              |    54 |    35 |       ||    89
       Flail             |       |   109 |     5 ||   114
       Morningstar       |       |       |   182 ||   182
Invok: Berserk           |     1 |     2 |     1 ||     4
       Trog's Hand       |       |       |     1 ||     1
  Use: Scroll            |       |       |     9 ||     9
Armor: Animal skin       |    18 |    37 |     1 ||    56
       Ring mail         |       |       |   131 ||   131
Dodge: Dodged            |    41 |    86 |   115 ||   242
